 Dungeon Crawl Stone Soup version 0.28-a0-1312-g71652a0310 (webtiles) character file.

Game seed: 5007571682795701229

10625 rogsnak the Destroyer (level 11, -1/73 HPs)
             Began as a Demonspawn Air Elementalist on Dec 28, 2021.
             Was a Priest of Sif Muna.
             Succumbed to a killer bee's poison
             ... on level 10 of the Dungeon.
             The game lasted 00:32:00 (13176 turns).

rogsnak the Destroyer (DsAE)                       Turns: 13176, Time: 00:32:01

Health: -1/73      AC:  8    Str: 15    XL:     11   Next: 38%
Magic:  19/24      EV: 13    Int: 21    God:    Sif Muna [***...]
Gold:   582        SH:  5    Dex: 13    Spells: 21/29 levels left

rFire   + . .      SeeInvis .   y - +8 spear "Gian" {venom, Will+}
rCold   . . .      Faith    .   (no shield)
rNeg    . . .      Spirit   .   x - +2 robe {Archmagi}
rPois   .          Reflect  +   (helmet restricted)
rElec   .          Harm     .   c - +0 cloak
rCorr   .          Rampage  .   (no gloves)
Will    +++..      Archmagi +   (no boots)
Stlth   ++........              j - amulet of reflection
HPRegen 0.22/turn               J - ring of willpower
MPRegen 0.19/turn               q - +6 ring of strength

@: lethally poisoned (-1 -> -11)
A: thin metallic scales 2, demonic magic 2, demonic touch 1, horns 1, fire
resistance 1, strong-willed 1
a: Renounce Religion, Channel Magic, Forget Spell


You were on level 10 of the Dungeon.
You worshipped Sif Muna.
Sif Muna was most pleased with you.
You visited 2 branches of the dungeon, and saw 12 of its levels.

You collected 582 gold pieces.

Inventory:

Hand Weapons
 e - a +0 halberd of flaming
 l - a +0 dagger of venom
 s - a +2 short sword of venom
 y - the +8 spear "Gian" (weapon) {venom, Will+}
   (You found it on level 6 of the Dungeon)

   It poisons the flesh of those it strikes.
   Will:      It increases your willpower.
 z - a +0 short sword of electrocution
Missiles
 D - 2 boomerangs of dispersal
Armour
 a - a +0 robe
 c - a +0 cloak (worn)
 x - a +2 robe of the Archmagi (worn)
 F - a +2 helmet of see invisible
Magical Staves
 d - a staff of fire
Jewellery
 j - an amulet of reflection (around neck)
 n - a ring of positive energy
 q - a +6 ring of strength (right hand)
 J - a ring of willpower (left hand)
Wands
 r - a wand of acid (22)
 A - a wand of charming (10)
 G - a wand of iceblast (15)
 I - a wand of flame (8)
 K - a wand of paralysis (2)
Scrolls
 f - 5 scrolls of enchant armour
 g - a scroll of summoning
 h - a scroll of fog {unknown}
 m - a scroll of immolation {unknown}
 o - 3 scrolls of teleportation
 p - 4 scrolls of enchant weapon {unknown}
 u - a scroll of silence {unknown}
 w - 2 scrolls of holy word {unknown}
 E - a scroll of identify {unknown}
 L - a scroll of magic mapping {unknown}
Potions
 b - a potion of flight
 i - 4 potions of brilliance
 k - a potion of ambrosia {unknown}
 v - 2 potions of curing {unknown}
 B - a potion of heal wounds {unknown}
 C - a potion of invisibility {unknown}
 H - a potion of magic {unknown}
 M - a potion of lignification {unknown}
Miscellaneous
 t - a piece from Xom's chessboard (15/15)


   Skills:
 + Level 2.3 Fighting
 + Level 3.5 Dodging
 - Level 2.0 Stealth
 + Level 1.4 Shields
 + Level 9.5 Spellcasting
 * Level 10.6 Conjurations
 + Level 9.3 Air Magic


You had 21 spell levels left.
You knew the following spells:

 Your Spells              Type           Power      Damage    Failure   Level
a - Shock                 Conj/Air       100%       1d9       1%          1
b - Swiftness             Air            65%        N/A       1%          3
c - Airstrike             Air            32%        N/A       1%          4

Your spell library contained the following spells:

 Spells                   Type           Power      Damage    Failure   Level
 Static Discharge         Conj/Air       67%        N/A       1%          2


Dungeon Overview and Level Annotations

Branches:
Dungeon (11/15)            Temple (1/1) D:4            Lair (0/6) D:9
    Orc: D:9-12

Altars:
Ashenzari
Cheibriados
Dithmenos
Elyvilon
Gozag
Hepliaklqana
Kikubaaqudgha
Nemelex Xobeh
Okawaru
Sif Muna
Trog
Vehumet
Wu Jian
Yredelemnul
Zin
The Shining One

Shops:
D:2 *   D:4 [[:   D:6 *

Annotations:
D:9 Gastronok


Innate Abilities, Weirdness & Mutations

You are mostly covered in thin metallic scales. (AC +3)
Spells you cast may paralyse nearby enemies.
Your touch may inflict minor irresistible damage on your foes.
You have a pair of small horns on your head.
Your flesh is heat resistant. (rF+)
You are strong-willed. (Will+)


Message History

Confirm with . or Enter, or press ? or * to list all spells.
Aiming: Shock (safe; 1% risk of failure)
Press: ? - help, Shift-Dir - straight line, f - killer bee
Aim: a killer bee (48% to hit)
Okay, then.
Casting: Shock (safe; 1% risk of failure)
Confirm with . or Enter, or press ? or * to list all spells.
Aiming: Shock (safe; 1% risk of failure)
Press: ? - help, Shift-Dir - straight line, f - killer bee
Aim: a killer bee (48% to hit)
You feel a surge of power!
The zap hits the killer bee.
The killer bee is moderately wounded.
Malevolent energies surge around you. The killer bee stings you.
* * * LOW HITPOINT WARNING * * *
You block the killer bee's attack.
Unknown command.
Casting: Shock (safe; 1% risk of failure)
Confirm with . or Enter, or press ? or * to list all spells.
Aiming: Shock (safe; 1% risk of failure)
Press: ? - help, Shift-Dir - straight line, f/p - killer bee
Aim: a killer bee (moderately wounded, 48% to hit)
You feel a surge of power!
The zap hits the killer bee!
The killer bee is almost dead.
Malevolent energies surge around you. The killer bee stings you.
* * * LOW HITPOINT WARNING * * *
You are lethally poisoned!
The killer bee poisons you!
The killer bee stings you but does no damage.
Unknown command.
Unknown command.
Casting: Shock (safe; 1% risk of failure)
Confirm with . or Enter, or press ? or * to list all spells.
Aiming: Shock (safe; 1% risk of failure)
Press: ? - help, Shift-Dir - straight line, f/p - killer bee
Aim: a killer bee (almost dead, 48% to hit)
You feel a surge of power!
The zap hits the killer bee.
You kill the killer bee!
Sif Muna accepts your kill. Malevolent energies surge around you.
You die...

.......................#
..)...................[####
....######+#..............#
....# #.#..........###.#
....# #.#..........# #.#
....# #.#..........# #.#
....# #.###...###### #.#
....# #.####..# #.#
....######.##...@# #.#
.#.........##.##### #.#
.#.##..######.#...# #.#
...##..# #.#.#.# #.#
##.....# #.#.#.# #.#
.#.###.# #.#.#.#######.#
.#.###.# #.#.#.........#
.#.....# #.#.###########
.####### #.#.#


There were no monsters in sight!

Vanquished Creatures
  Erolcha (D:11)
  2 two-headed ogres
  Pikel (D:7)
  A cyclops (D:11)
  Maurice (D:10)
  An unseen horror (D:10)
  Psyche (D:10)
  A merfolk (D:9)
  A troll (D:10)
  A hornet (D:9)
  A wraith (D:10)
  10 yaks
  A wyvern (D:7)
  3 water moccasins
  7 orc warriors
  2 sky beasts
  3 ice beasts
  2 black bears
  2 necrophages
  3 ogres
  2 centaurs
  2 phantoms
  A lemure (D:7)
  2 bullfrogs
  3 scorpions
  A wyvern skeleton (D:5)
  A water moccasin zombie (D:6)
  6 killer bees (D:10)
  12 wights
  4 howler monkeys
  4 centaur zombies
  2 hounds (D:6)
  8 orc priests
  A gnoll shaman (D:4)
  2 jellies (D:6)
  2 iguanas
  12 orc wizards
  6 gnolls
  9 adders
  An adder skeleton (D:4)
  5 worms
  14 dart slugs
  29 orcs
  3 endoplasms
  4 giant cockroaches
  10 goblins
  9 hobgoblins
  2 quokkas
  8 ball pythons
  8 bats
  4 frilled lizards
  A jackal skeleton (D:4)
  10 kobolds
  6 rats
239 creatures vanquished.

Vanquished Creatures (others)
  4 toadstools (D:1)
4 creatures vanquished.

Grand Total: 243 creatures vanquished

Notes
Turn   | Place    | Note
-------+----------+-------------------------------------------
     0 | D:1      | rogsnak the Demonspawn Air Elementalist began the quest for
                  | the Orb.
     0 | D:1      | Reached XP level 1. HP: 13/13 MP: 3/3
   480 | D:1      | Gained mutation: Spells you cast may paralyse adjacent
                  | enemies. [demonic ancestry]
   480 | D:1      | Reached XP level 2. HP: 19/19 MP: 3/5
   645 | D:1      | Found a faded altar of an unknown god.
  1183 | D:2      | Found Jufedd's General Store.
  1186 | D:2      | Gained mutation: You are partially covered in thin metallic
                  | scales. (AC +2) [demonic ancestry]
  1186 | D:2      | Reached XP level 3. HP: 24/24 MP: 3/6
  1334 | D:2      | Reached skill level 2 in Conjurations
  1354 | D:2      | HP: 1/24 [poisoned by an adder]
  1356 | D:2      | Gained mutation: You are strong-willed. (Will+) [potion of
                  | mutation]
  1356 | D:2      | Gained mutation: You have a pair of small horns on your
                  | head. [potion of mutation]
  1356 | D:2      | Gained mutation: Your flesh is heat resistant. (rF+)
                  | [potion of mutation]
  1726 | D:2      | Reached XP level 4. HP: 29/30 MP: 2/7
  2345 | D:2      | Reached skill level 3 in Conjurations
  3386 | D:3      | Gained mutation: You are mostly covered in thin metallic
                  | scales. (AC +3) [demonic ancestry]
  3386 | D:3      | Reached XP level 5. HP: 35/35 MP: 5/8
  3726 | D:4      | Found Inisakkif's Antique Armour Emporium.
  3761 | D:4      | Learned a level 3 spell: Swiftness
  3766 | D:4      | Learned a level 4 spell: Airstrike
  3844 | D:4      | Found Viw Egupe's Book Shoppe.
  3844 | D:4      | Noticed a black bear
  3886 | D:4      | Killed a black bear
  4246 | D:4      | Found Jobrieju's Armour Emporium.
  4256 | D:4      | Found a radiant altar of Vehumet.
  4262 | D:4      | Noticed a necrophage
  4272 | D:4      | Killed a necrophage
  4273 | D:4      | Reached skill level 4 in Conjurations
  4273 | D:4      | Reached XP level 6. HP: 33/41 MP: 1/10
  4517 | D:4      | Found a staircase to the Ecumenical Temple.
  4524 | Temple   | Entered the Ecumenical Temple
  4574 | Temple   | Became a worshipper of Sif Muna the Loreminder
  4766 | D:5      | Entered Level 5 of the Dungeon
  5062 | D:5      | Reached skill level 5 in Conjurations
  5062 | D:5      | Reached XP level 7. HP: 46/46 MP: 9/12
  5897 | D:5      | Reached skill level 5 in Air Magic
  6292 | D:6      | Reached skill level 6 in Conjurations
  6292 | D:6      | Gained mutation: Your touch may inflict minor irresistible
                  | damage on your foes. [demonic ancestry]
  6292 | D:6      | Reached XP level 8. HP: 40/53 MP: 14/14
  6631 | D:6      | Identified the +8 spear "Gian" {venom, Will+}
  6690 | D:6      | Found Daolesh's Lightly-Used Armoury.
  6695 | D:6      | Found a hazy altar of Hepliaklqana.
  6699 | D:6      | Found a shadowy altar of Dithmenos.
  6752 | D:6      | Reached * piety under Sif Muna
  7368 | D:6      | Found a snail-covered altar of Cheibriados.
  7544 | D:7      | Reached skill level 1 in Fighting
  7544 | D:7      | Reached skill level 5 in Spellcasting
  7544 | D:7      | Reached skill level 7 in Conjurations
  7783 | D:7      | Found an ancient bone altar of Kikubaaqudgha.
  7802 | D:7      | Gained mutation: Spells you cast may paralyse nearby
                  | enemies. [demonic ancestry]
  7802 | D:7      | Reached XP level 9. HP: 24/59 MP: 10/16
  8084 | D:7      | Noticed Pikel
  8090 | D:7      | Reached skill level 1 in Shields
  8106 | D:7      | Killed Pikel
  8107 | D:7      | Reached skill level 8 in Conjurations
  8447 | D:7      | Reached ** piety under Sif Muna
  9071 | D:7      | Reached skill level 9 in Conjurations
  9224 | D:8      | Found a bloodstained altar of Trog.
  9561 | D:8      | Found a basalt altar of Yredelemnul.
  9562 | D:8      | Found an ornate altar of the Wu Jian Council.
  9564 | D:8      | Found an opulent altar of Gozag.
  9650 | D:8      | Reached XP level 10. HP: 66/66 MP: 15/20
  9708 | D:8      | Found a broken altar of Ashenzari.
 10264 | D:9      | Noticed Gastronok
 10307 | D:9      | Found a staircase to the Lair.
 10381 | D:9      | Reached *** piety under Sif Muna
 10522 | D:9      | Found a sparkling altar of Nemelex Xobeh.
 10534 | D:9      | Noticed a two-headed ogre
 10539 | D:9      | Killed a two-headed ogre
 11285 | D:10     | Entered Level 10 of the Dungeon
 11336 | D:10     | Reached skill level 10 in Conjurations
 11544 | D:10     | Noticed a two-headed ogre
 11548 | D:10     | Killed a two-headed ogre
 11831 | D:10     | Noticed Maurice
 11836 | D:10     | Killed Maurice
 11947 | D:10     | Reached XP level 11. HP: 64/72 MP: 19/23
 12325 | D:10     | Noticed Psyche
 12328 | D:10     | Killed Psyche
 12596 | D:11     | Noticed Erolcha
 12602 | D:11     | Killed Erolcha
 12849 | D:11     | Noticed an eight-headed hydra
 13175 | D:10     | HP: 2/73 [killer bee (6)]
 13176 | D:10     | Succumbed to a killer bee's poison

Illustrated notes

Levels and vault maps discovered:
D:1:      ldierk_walled_garden_2, layout_rooms,
          hellmonk_ecumenical_altar_lost_god, serial_bayou_lake_a
D:2:      minmay_razor_zed, layout_rooms, serial_shops, shop
D:3:      layout_basic
D:4:      layout_basic, mainiacjoe_overflow_cross_hatched, fiery_altar_vehumet,
          minmay_temple_entry_ruins, serial_shops,
          nicolae_shop_overgrown_old_shop, nicolae_stop_n_shop_1,
          columned_hall_lemuel, glass_columns_a, minmay_misc_feat_iff,
          nicolae_stop_n_shop_2
D:5:      kennysheep_slugbush, layout_loops_ring, hellmonk_bongcloud_opening
D:6:      layout_cave_pools, riverfiend_overflow_shadow_ancestor,
          cheibrodos_worm_habitat, minmay_shop_damaged
D:7:      layout_loops_cross, mainiacjoe_overflow_large_starburst,
          grunt_tough_drop, uniq_pikel
D:8:      layout_gridville, grunt_temple_overflow_open,
          cheibrodos_ashenzari_chains, david_defended_altar_orc
D:9:      layout_roguey, nemelex_spade_bored_becter, lair_entry_dummy,
          hangedman_fish_farm, uniq_gastronok
D:10:     layout_basic, minmay_crystal_room, uniq_psyche, uniq_maurice
D:11:     nzn_winding_woodlands_huge [nzn_winding_woodlands_5x15_pathside_ponds,
          nzn_winding_woodlands_5x15_cabin, nzn_winding_woodlands_5x15_sawtooth,
          nzn_winding_woodlands_5x15_split_checker,
          nzn_winding_woodlands_5x15_zeroes, nzn_winding_woodlands_5x15_garden,
          nzn_winding_woodlands_5x15_concentric,
          nzn_winding_woodlands_5x15_lazy_stream,
          nzn_winding_woodlands_5x15_default,
          nzn_winding_woodlands_5x15_crooked,
          nzn_winding_woodlands_center_diamonds,
          nzn_winding_woodlands_center_triple_pond,
          nzn_winding_woodlands_15x15_five_gardens], layout_basic,
          minmay_misc_feat_square, kennysheep_generic_room_3, uniq_erolcha
Temple:   nicolae_temple_figure_zero

Skill      XL: |  1  2  3  4  5  6  7  8  9 10 11 |
---------------+----------------------------------+-----
Air Magic      | 3 4 5 6 7 8 9 |  9.3
Dodging        | 2 3 |  3.5
Conjurations   | 2 3 4 5 6 7 9 10 | 10.6
Stealth        | 2 |  2.0
Spellcasting   | 3 4 5 6 8 9 |  9.5
Fighting       | 1 2 |  2.3
Shields        | 1 |  1.4

Action                   |  1- 3 |  4- 6 |  7- 9 | 10-12 || total
-------------------------+-------+-------+-------+-------++-------
Melee: Unarmed           |    12 |       |       |       ||    12
       Dagger            |     8 |    14 |     4 |       ||    26
       Short sword       |    32 |     6 |     8 |       ||    46
       Spear             |       |     7 |    63 |    77 ||   147
       Headbutt          |       |     3 |     8 |    11 ||    22
       Touch             |       |       |     8 |    15 ||    23
 Cast: Shock             |    69 |   143 |   277 |    74 ||   563
       Airstrike         |       |       |     1 |    48 ||    49
  Use: Potion            |     2 |       |       |       ||     2
       Scroll            |       |       |     4 |       ||     4
 Stab: Paralysed         |     3 |     1 |    14 |    34 ||    52
       Sleeping          |       |     1 |     2 |       ||     3
Armor: Robe              |    22 |     9 |    23 |    33 ||    87
Dodge: Dodged            |    46 |    24 |    32 |    39 ||   141
Block: Other             |       |     4 |    18 |    21 ||    43
       Reflection        |       |       |     1 |     2 ||     3

Table legend: (Time is in decaauts)
 A = Elapsed time spent in this place.
 B = Non-inter-level travel time spent in this place.
 C = Inter-level travel time spent in this place.
 D = Time resting spent in this place.
 E = Time spent auto-exploring this place.
 F = Levels seen in this place.
 G = Mean time per level.
                   A        B        C        D        E       F      G
               +--------+--------+--------+--------+--------+-----+--------+
         Total |  13258 |  12914 |    344 |   2729 |   6817 |  12 | 1104.8 |
       Dungeon |  13195 |  12851 |    344 |   2729 |   6776 |  11 | 1199.5 |
        Temple |     63 |     63 |      0 |      0 |     41 |   1 |   63.0 |
               +--------+--------+--------+--------+--------+-----+--------+

Top non-repeatable levels by time:
     D:7: 1680 daAuts
     D:2: 1632 daAuts
    D:10: 1537 daAuts
     D:9: 1445 daAuts
     D:4: 1308 daAuts
     D:1: 1229 daAuts
     D:6: 1172 daAuts
     D:5: 1158 daAuts
     D:3: 945 daAuts
     D:8: 855 daAuts
    D:11: 229 daAuts
  Temple: 63 daAuts
